 Dungeon Crawl Stone Soup version 0.29.1 (webtiles) character file.

Game seed: 12825580541084941033

233 pacmanke6689 the Chopper (level 6, -7/53 HPs)
             Began as a Hill Orc Fighter on Sept 15, 2022.
             Mangled by an ogre
             ... wielding a +0 giant club
              (24 damage)
             ... on level 4 of the Dungeon.
             The game lasted 00:06:39 (2775 turns).

pacmanke6689 the Chopper (Hill Orc Fighter)         Turns: 2775, Time: 00:06:39

Health: -7/53      AC:  9    Str: 21    XL:     6   Next: 5%
Magic:  6/6        EV:  9    Int:  8    God:
Gold:   947        SH:  4    Dex: 10    Spells: 5/5 levels left

rFire   . . .      SeeInvis .   a - +0 war axe
rCold   . . .      Faith    .   c - +0 buckler
rNeg    . . .      Spirit   .   b - +0 scale mail
rPois   .          Reflect  .   g - +0 helmet
rElec   .          Harm     .   (no cloak)
rCorr   .          Rampage  .   h - +0 pair of gloves
Will    .....                   (no boots)
Stlth   ..........              (no amulet)
HPRegen 0.17/turn               (no ring)
MPRegen 0.10/turn               (no ring)

@: no status effects
A: no striking features
a: no special abilities


You were on level 4 of the Dungeon.
You visited 1 branch of the dungeon, and saw 4 of its levels.

You collected 947 gold pieces.

Inventory:

Hand Weapons
 a - a +0 war axe (weapon)
Missiles
 i - a throwing net (quivered)
Armour
 b - a +0 scale mail (worn)
 c - a +0 buckler (worn)
 g - a +0 helmet (worn)
 h - a +0 pair of gloves (worn)
Scrolls
 d - a scroll of silence {unknown}
 f - 2 scrolls of fog
 k - a scroll of blinking
Potions
 e - a potion of attraction
 j - a potion of cancellation {unknown}
 l - a potion of curing
 m - a potion of heal wounds {unknown}


   Skills:
 + Level 4.4 Fighting
 + Level 5.7 Axes
 + Level 4.2 Armour
 + Level 0.8 Dodging
 + Level 0.3 Stealth
 + Level 4.1 Shields


You had 5 spell levels left.
You didn't know any spells.
Your spell library was empty.

Dungeon Overview and Level Annotations

Branches:
Dungeon (4/15)
 Temple: D:4-7

Altars:

Shops:
D:2 *


Message History

You kill the adder!
You have reached level 6!
You see here an adder corpse.
You now have 947 gold pieces (gained 27).
Done exploring.
Done exploring.
You see here an adder corpse.
Things that are here:
a +0 club; 4 stones; a kobold skeleton
There is an escape hatch in the floor here.
There is a stone staircase leading down here.
You climb downwards.
Found a chain mail and a scroll labelled AQALY FASMUGRA.
There is a stone staircase leading up here.
d - a scroll labelled AQALY FASMUGRA An adder comes into view.
The adder hisses angrily.
An adder is nearby!
The adder bites you but does no damage.
You slash the adder!
You kill the adder!
Found a stone staircase leading down.
m - a smoky amethyst potion
There is a stone staircase leading down here.
An ogre comes into view. It is wielding a +0 giant club.
You hit the ogre.
The ogre is moderately wounded.
The ogre hits you with a +0 giant club!
You slash the ogre!
The ogre is heavily wounded.
The ogre barely misses you.
You barely miss the ogre.
The ogre is heavily wounded.
You barely miss the ogre.
The ogre is heavily wounded.
The ogre hits you with a +0 giant club!!
You closely miss the ogre.
The ogre is heavily wounded.
The ogre hits you with a +0 giant club!!
You die...

#.####### #.......#
#.#####.# ###### #.# #.#
......#### #.### #.#
#........# #.#.###.##
#........######.#...#.#.
..........>.......#.#.#.
......O@.....##.......#.
......#......##.....#.#.
..... #...............#.
..... #...............#.
......#...............#.
.. #.#.................
# #...............#.## .
#................... ..
#......#........#.##


You could see an ogre.

Vanquished Creatures
  An ogre (D:3)
  A hound (D:3)
  3 adders
  2 worms
  6 dart slugs
  6 orcs (D:3)
  6 ball pythons
  A bat (D:2)
  5 endoplasms
  2 giant cockroaches (D:3)
  5 goblins
  5 hobgoblins
  4 quokkas
  7 frilled lizards
  9 kobolds
  7 rats
70 creatures vanquished.

Vanquished Creatures (others)
  2 plants (D:2)
2 creatures vanquished.

Grand Total: 72 creatures vanquished

Notes
Turn   | Place    | Note
-------+----------+-------------------------------------------
     0 | D:1      | pacmanke6689 the Hill Orc Fighter began the quest for the
                  | Orb.
     0 | D:1      | Reached XP level 1. HP: 19/19 MP: 1/1
   293 | D:1      | Found a faded altar of an unknown god.
   374 | D:1      | Reached XP level 2. HP: 26/27 MP: 2/2
   451 | D:1      | Reached skill level 3 in Axes
   663 | D:1      | Identified a scroll of acquirement
   663 | D:1      | Acquired 765 gold pieces
   988 | D:2      | Reached XP level 3. HP: 30/31 MP: 3/3
  1609 | D:2      | Reached XP level 4. HP: 40/40 MP: 4/4
  1682 | D:2      | Found Seteshroa's General Store.
  1988 | D:3      | Reached skill level 4 in Axes
  2301 | D:3      | Reached XP level 5. HP: 46/46 MP: 5/5
  2372 | D:3      | Noticed an ogre
  2376 | D:3      | Killed an ogre
  2377 | D:3      | Reached skill level 5 in Axes
  2594 | D:3      | Reached XP level 6. HP: 49/53 MP: 6/6
  2775 | D:4      | Mangled by an ogre

Illustrated notes

Levels and vault maps discovered:
D:1:      minmay_arrival_loop, layout_basic,
          dreamdust_ecumenical_altar_angels_and_demons, minmay_misc_feat_doors
D:2:      layout_loops_ring, serial_shops, nicolae_shop_behind_doors,
          st_stairs_1, serial_bayou_lagoon_a, minmay_increasing_density
D:3:      layout_rooms
D:4:      layout_basic, nicolae_wu_jian_immortal_techniques,
          grunt_temple_overflow_open

Skill      XL: |  1  2  3  4  5 |
---------------+----------------+-----
Axes           | 3 4 5 |  5.7
Fighting       | 4 |  4.4
Shields        | 4 |  4.1
Armour         | 4 |  4.2
Dodging        | |  0.8
Stealth        | |  0.3

Action                   |  1- 3 |  4- 6 || total
-------------------------+-------+-------++-------
Melee: War axe           |   100 |    93 ||   193
Throw: Throwing net      |       |     1 ||     1
  Use: Scroll            |     3 |     5 ||     8
       Potion            |     1 |     1 ||     2
Armor: Scale mail        |    46 |    46 ||    92
       Skin              |     1 |       ||     1
Dodge: Dodged            |    45 |    41 ||    86
Block: Buckler           |    26 |    15 ||    41
